 Dungeon Crawl Stone Soup version 0.18-a0-33-g9e10395 (webtiles) character file.

519 ReteAZ the Conjurer (level 6, 0/45 HPs)
             Began as a Demigod Conjurer on Nov 5, 2015.
             Slain by a worker ant (3 damage)
             ... on level 4 of the Dungeon.
             The game lasted 00:18:23 (4133 turns).

ReteAZ the Conjurer (Demigod Conjurer)              Turns: 4133, Time: 00:18:24

Health: 0/45       AC:  4    Str: 11    XL:     6   Next: 69%
Magic:  4/15       EV: 12    Int: 26    God:
Gold:   243        SH:  0    Dex: 16    Spells: 3 memorised, 6 levels left

rFire  . . .     SeeInvis .     (no weapon)
rCold  . . .     Clarity  .     a - +0 robe
rNeg   + . .     SustAt   +     (no shield)
rPois  .         Gourm    .     (no helmet)
rElec  .         Spirit   .     (no cloak)
rCorr  .         Warding  .     (no gloves)
rMut   .         Stasis   .     w - +1 pair of boots
MR     .....                    (no amulet)
Stlth  ++........               x - ring of positive energy {rN+}
                                R - +3 ring of intelligence

@: lethally poisoned (0 -> -3), not resistant to hostile enchantments,
unstealthy
A: high mp 1, sustain attributes
a: no special abilities


You were on level 4 of the Dungeon.
You were not hungry.

You visited 1 branch of the dungeon, and saw 4 of its levels.

You collected 243 gold pieces.

Inventory:

Hand Weapons
 d - a +0 whip
   (You took it off a gnoll on level 4 of the Dungeon)
 e - a +0 spear
   (You took it off a gnoll on level 4 of the Dungeon)
 g - a +0 club
   (You took it off a gnoll on level 4 of the Dungeon)
 h - a +0 club
   (You took it off a gnoll on level 4 of the Dungeon)
 i - a +0 trident
   (You took it off an orc on level 4 of the Dungeon)
Armour
 a - a +0 robe (worn)
 l - a +0 buckler
   (You found it on level 1 of the Dungeon)
 w - a +1 pair of boots (worn)
   (You found it on level 2 of the Dungeon)
Jewellery
 x - a ring of positive energy (right hand) {rN+}
   (You found it on level 2 of the Dungeon)
 R - a +3 ring of intelligence (left hand)
   (You found it on level 3 of the Dungeon)
 S - an uncursed ring of fire {rF+, rC-}
   (You found it on level 3 of the Dungeon)
Scrolls
 p - a scroll of remove curse
 A - 2 scrolls of identify
Potions
 q - a potion of haste
Books
 b - a book of Conjurations
 F - a book of Battle
   (You found it on level 3 of the Dungeon)
 I - a book of Envenomations
   (You found it on level 3 of the Dungeon)
Comestibles
 c - 3 bread rations {@e1}
 f - 3 meat rations {@e2}
 j - a chunk of flesh {@w0}
 B - 3 fruits


   Skills:
 - Level 0.1 Fighting
 - Level 1.7 Dodging
 - Level 1.7 Stealth
 + Level 0.1 Unarmed Combat
 + Level 4.4 Spellcasting
 + Level 6.1 Conjurations


You had 6 spell levels left.
You knew the following spells:

 Your Spells              Type           Power        Failure   Level  Hunger
a - Magic Dart            Conj           ####         1%          1    None
b - Searing Ray           Conj           #####.       1%          2    None
x - Iskenderun's Mystic   Conj           #####...     10%         4    ####...


Dungeon Overview and Level Annotations

Branches:
Dungeon (4/15)
 Temple: D:4-7

Shops:
D:4 *

Annotations:
D:4 exclusion: jelly


Innate Abilities, Weirdness & Mutations

You have an increased reservoir of magic (+10% MP).
Your attributes are resistant to harm.


Message History

You destroy the giant gecko skeleton!
You now have 10/15 mp.
Aim: an adder The magic dart hits the adder.
You now have 10/15 mp.
Aim: an adder (lightly wounded)
The magic dart hits the adder.
You now have 9/15 mp.
Aim: an adder (severely wounded)
The magic dart hits the adder.
You now have 8/15 mp.
Aim: an adder (almost dead)
The magic dart hits the adder.
You kill the adder!
You now have 7/15 mp.
You start resting.
You are feeling hungry.
You regained 4 mp, and now have 11/15 mp.
You may need something to eat soon, looking for food.
You see here an adder corpse.
Autochopping corpse.
You butcher the adder corpse.
j - 2 chunks of flesh {@w0} Autoeating chunks.
Eating one of 2 chunks of flesh {@w0}.
You continue eating. x2
Found Nyicwid's General Store.
There is an entrance to Nyicwid's General Store here.
An orc and an orc priest come into view.
The orc shouts!
The orc priest shouts!
You hear a shout!
You hear a shout!
You hear a shout! x2
An orc wizard comes into view. It is wielding a dagger.
MP restored: 15 The orc misses you.
An orc wizard comes into view. It is wielding a dagger.
The orc wizard shouts!
An orc comes into view. It is wielding a flail.
The orc moves out of view.
A worker ant comes into view.
Aim: a worker ant The magic dart hits the worker ant.
The orc hits you with a falchion.
You take 3 damage, and have 42/45 hp.
You now have 14/15 mp.
Aim: an orc, wielding a falchion The searing ray misses the orc.
The worker ant bites you. The orc hits you with a falchion.
You take 10 damage, and have 32/45 hp.
MASSIVE DAMAGE!!
You now have 12/15 mp.
The searing ray hits the orc.
The worker ant completely misses you.
You now have 11/15 mp.
The searing ray hits the orc.
You kill the orc!
The worker ant misses you.
The orc wizard gestures at you while chanting.
The magic dart hits you!
You take 4 damage, and have 29/45 hp.
You now have 10/15 mp.
The searing ray hits the orc wizard.
You kill the orc wizard!
The searing ray hits the orc priest.
The worker ant bites you. The worker ant bites you.
You take 4 damage, and have 25/45 hp.
You now have 9/15 mp.
The worker ant bites you.
You are poisoned.
The worker ant poisons you!
You take 6 damage, and have 19/45 hp.
You feel sick. The orc priest closely misses you. The worker ant misses you.
You take 1 damage, and have 18/45 hp.
Aim: an orc priest, wielding a club (almost dead)
The searing ray hits the orc priest.
You kill the orc priest!
You feel sick.
The orc wizard points at you and mumbles some strange words.
You resist with some effort. The worker ant barely misses you.
You take 1 damage, and have 17/45 hp.
You now have 8/15 mp.
Okay, then.
The searing ray hits the orc wizard.
The worker ant barely misses you.
The orc wizard gestures at you while chanting.
The puff of flame hits you!
* * * LOW HITPOINT WARNING * * *
You take 4 damage, and have 13/45 hp.
You now have 7/15 mp.
The searing ray hits the orc wizard.
You kill the orc wizard!
You feel sick. The worker ant bites you!
* * * LOW HITPOINT WARNING * * *
The orc throws a tomahawk.
The tomahawk barely misses you.
The tomahawk misses the worker ant.
The worker ant bites you but does no damage.
You take 8 damage, and have 5/45 hp.
You now have 6/15 mp.
Drink which item? (? for menu, Esc to quit)
Okay, then.
Read which item? (? for menu, Esc to quit)
Okay, then.
Aim: an ogre, wielding a giant club The searing ray hits the ogre.
The worker ant bites you.
* * * LOW HITPOINT WARNING * * *
You take 1 damage, and have 4/45 hp.
You now have 4/15 mp.
You hit the worker ant but do no damage.
* * * LOW HITPOINT WARNING * * *
You feel sick. The worker ant bites you.
You die...

#..........#o#.#.#.##.
#.........(..### ...
#...........## ...##
#.###.###.### .....# #.#
#.###.# ...#.. #.#
#.##o.# ....#. #.#
#.##)## O....$ #.# #.##O#
...... #.# #.##@# #.....
#.# #.##a# #..... #.#
#.##.# ### ..###. #.#
#....## ##.. # ##
#.###...(.## #..
#.##.......# #.#
#.##.......###.#
#.##...........##########
#........................


You could see an ogre, a worker ant and an orc.

Vanquished Creatures
  A centaur skeleton (D:4)
  An orc priest (D:4)
  A jelly (D:4)
  2 orc wizards (D:4)
  2 iguanas (D:4)
  2 worker ants (D:4)
  4 gnolls (D:4)
  16 adders
  2 oozes
  2 worms
  11 orcs
  4 ball pythons (D:3)
  6 giant cockroaches
  6 goblins
  5 hobgoblins
  2 quokkas (D:3)
  7 bats
  4 giant geckos
  A giant gecko skeleton (D:4)
  2 giant newts (D:2)
  8 kobolds
  9 rats
98 creatures vanquished.

Notes
Turn   | Place    | Note
--------------------------------------------------------------
     0 | D:1      | ReteAZ the Demigod Conjurer began the quest for the Orb.
     0 | D:1      | Reached XP level 1. HP: 14/14 MP: 5/5
   261 | D:1      | Reached skill level 4 in Conjurations
   261 | D:1      | Reached XP level 2. HP: 20/20 MP: 5/7
   331 | D:1      | Learned a level 2 spell: Searing Ray
   401 | D:1      | Reached skill level 2 in Spellcasting
   919 | D:2      | Reached XP level 3. HP: 24/26 MP: 3/8
  1225 | D:2      | Found a faded altar to an unknown god.
  1296 | D:2      | Reached XP level 4. HP: 33/33 MP: 7/10
  1644 | D:3      | Reached skill level 5 in Conjurations
  2082 | D:3      | Reached skill level 3 in Spellcasting
  2082 | D:3      | Reached XP level 5. HP: 35/38 MP: 7/12
  2750 | D:3      | Found a sparkling altar of Nemelex Xobeh.
  3101 | D:4      | Noticed an ogre
  3384 | D:4      | HP: 8/38 [gnoll/whip (2)]
  3387 | D:4      | HP: 2/38 [gnoll/spear (5)]
  3805 | D:4      | Reached XP level 6. HP: 45/45 MP: 9/14
  3888 | D:4      | Reached skill level 4 in Spellcasting
  4004 | D:4      | Learned a level 4 spell: Iskenderun's Mystic Blast
  4017 | D:4      | Reached skill level 6 in Conjurations
  4088 | D:4      | Found Nyicwid's General Store.
  4131 | D:4      | HP: 5/45 [worker ant (7)]
  4133 | D:4      | Slain by a worker ant

Vault maps used:
D:1:      dpeg_arrival_pond, minmay_misc_feat_roman
D:2:      ecumenical_altar_1
D:3:      lemuel_doored_altar, minmay_snake_closets
D:4:      serial_shops, nicolae_shop_stone

Action                   |  1- 3 |  4- 6 || total
-------------------------+-------+-------++-------
Melee: Unarmed           |       |    14 ||    14
 Cast: Magic Dart        |    82 |   119 ||   201
       Searing Ray       |     1 |    16 ||    17
       Iskenderun's Myst |       |     1 ||     1
  Use: Scroll            |       |     7 ||     7
       Potion            |       |     1 ||     1
  Eat: Chunk             |     2 |     5 ||     7
       Bread ration      |       |     1 ||     1

Vault maps used:
D:1:      dpeg_arrival_pond, minmay_misc_feat_roman
D:2:      ecumenical_altar_1
D:3:      lemuel_doored_altar, minmay_snake_closets
D:4:      serial_shops, nicolae_shop_stone

Table legend:
 A = Turns spent in this place as a percentage of turns spent in the entire game.
 B = Non-inter-level travel turns spent in this place as a percentage of non-inter-level travel turns spent in the entire game.
 C = Inter-level travel turns spent in this place as a percentage of turns spent in this place.
 D = Turns resting spent in this place as a percentage of non-inter-level travel turns spent in this place.
 E = Turns spent auto-exploring this place as a percentage of non-inter-level travel turns spent in this place.
 F = Non-inter-level travel turns spent in this place divided by the number of levels of this place that you've seen.
                   A       B       C       D       E      F
               +-------+-------+-------+-------+-------+----------------------
         Total | 100.0 | 100.0 |   1.2 |   9.8 |  14.1 | 220.0
       Dungeon | 100.0 | 100.0 |   1.2 |   9.8 |  14.1 | 220.0
               +-------+-------+-------+-------+-------+----------------------

Table legend:
 A = Kills in this place as a percentage of kills in entire the game.
 B = Kills by you in this place as a percentage of kills by you in the entire game.
 C = Kills by friends in this place as a percentage of kills by friends in the entire game.
 D = Other kills in this place as a percentage of other kills in the entire game.
 E = Experience gained in this place as a percentage of experience gained in the entire game.
 F = Experience gained in this place divided by the number of levels of this place that you have seen.
                   A       B       C       D       E      F
               +-------+-------+-------+-------+-------+----------------------
         Total | 100.0 | 100.0 |  -nan |  -nan | 100.0 | 185.5
       Dungeon | 100.0 | 100.0 |  -nan |  -nan | 100.0 | 185.5
               +-------+-------+-------+-------+-------+----------------------
